 Dungeon Sprint DCSS version 0.29-a0-653-gd47aff6735 (webtiles) character file.

Game seed: 16201702898722843113

2444 purpskrrrp the Fighter (level 9, -10/111 HPs)
             Began as an Ogre Berserker on June 22, 2022.
             Was an Elder of Trog.
             Mangled by a deep troll (18 damage)
             ... in the Dungeon (Sprint I: "Red Sonja").
             The game lasted 00:08:55 (1323 turns).

purpskrrrp the Fighter (Ogre Berserker)             Turns: 1323, Time: 00:08:56

Health: -10/111    AC:  3    Str: 27    XL:     9   Next: 49%
Magic:  9/9        EV: 12    Int:  8    God:    Trog [****..]
Gold:   354        SH:  0    Dex:  8    Spells: 8/8 levels left

rFire   . . .      SeeInvis .   j - +0 giant club
rCold   . . .      Faith    .   (shield currently unavailable)
rNeg    . . .      Spirit   .   b - +0 animal skin
rPois   .          Reflect  .   (helmet restricted)
rElec   .          Harm     .   (no cloak)
rCorr   .          Rampage  .   (gloves unavailable)
Will    ++...      NoTele   +   (boots unavailable)
Stlth   ++........              (no amulet)
HPRegen 1.28/turn               (no ring)
MPRegen 0.11/turn               (no ring)

@: strong-willed, on berserk cooldown, regenerating, hasted and slowed
A: large, unfitting armour, tough skin 1
a: Renounce Religion, Berserk, Trog's Hand, Brothers in Arms


You were in the Dungeon.
You worshipped Trog.
Trog was greatly pleased with you.
You visited 1 branch You collected 417 gold pieces.
You spent 63 gold pieces at shops.

Inventory:

Hand Weapons
 a - a +0 hand axe
 j - a +0 giant club (weapon)
Armour
 b - a +0 animal skin (worn)
 k - a +0 kite shield
Potions
 f - 2 potions of magic
 g - a potion of berserk rage


   Skills:
 + Level 13.9 Fighting
 + Level 10.7(12.9) Axes
 + Level 10.5(12.2) Maces & Flails
 + Level 9.6 Dodging
 + Level 2.4 Stealth
 + Level 1.6 Evocations


You had 8 spell levels left.
You didn't know any spells.
Your spell library was empty.

Dungeon Overview and Level Annotations

Branches:
Dungeon (1/1)

Altars:
Cheibriados
Dithmenos
Elyvilon
Fedhas
Gozag
Hepliaklqana
Kikubaaqudgha
Makhleb
Nemelex Xobeh
Okawaru
Qazlal
Ru
Sif Muna
Trog
Uskayaw
Vehumet
Wu Jian
Xom
Yredelemnul
Zin
The Shining One
Jiyva
Lugonu

Shops:
D [


Innate Abilities, Weirdness & Mutations

You are too large for most types of armour.
You have tough skin. (AC +1)


Message History

* * * LOW HITPOINT WARNING * * *
You feel yourself speed up.
You feel better.
You barely miss the centaur warrior.
The centaur warrior unwields a +2 shortbow of flaming.
It stops flaming.
The centaur warrior hits you.
* * * LOW HITPOINT WARNING * * *
The centaur warrior kicks you.
* * * LOW HITPOINT WARNING * * *
The centaur warrior hits you!
* * * LOW HITPOINT WARNING * * *
The centaur warrior kicks you.
* * * LOW HITPOINT WARNING * * *
You bludgeon the centaur warrior!!
The centaur warrior is heavily wounded.
The centaur warrior hits you.
* * * LOW HITPOINT WARNING * * *
The centaur warrior kicks you but does no damage.
You bludgeon the centaur warrior!!
The centaur warrior is almost dead.
The centaur warrior closely misses you.
The centaur warrior kicks you but does no damage.
The centaur warrior hits you but does no damage.
The centaur warrior kicks you.
* * * LOW HITPOINT WARNING * * *
You sock the centaur warrior!
You kill the centaur warrior!
Trog accepts your kill.
Your base Maces & Flails skill increases to level 10!
Your Stealth skill increases to level 2!
You sock the deep troll!
The deep troll is lightly wounded.
The deep troll closely misses you. The deep troll barely misses you.
The deep troll closely misses you.
Your skin crawls.
You feel strong-willed. The deep troll closely misses you.
The deep troll claws you.
* * * LOW HITPOINT WARNING * * *
The deep troll claws you!!
You die...

####################
'..#..'..#__#..T...#
#..').#).c..'.)#@..#
##'#####'#__####...+
#..#...#T####§)#####
####..##.#§§§.c#
___##'#_.§§§§..+
∩..÷'..._#§§≈§c#
.__##_.#'##T####
___###+#.# !.) ####
### ###


You could see a deep troll.

Vanquished Creatures
  2 centaur warriors (D)
  2 kobold demonologists (D)
  A slime creature (D)
  Sigmund (D)
  A yak (D)
  A floating eye (D)
  An ogre (D)
  A jelly (D)
  Ijyb (D)
11 creatures vanquished.

Notes
Turn   | Place    | Note
-------+----------+-------------------------------------------
     0 | D        | purpskrrrp the Ogre Berserker began the quest for the Orb.
     0 | D        | Reached XP level 1. HP: 24/24 MP: 1/1
     1 | D        | Noticed Ijyb
     9 | D        | Killed Ijyb
    10 | D        | Reached skill level 5 in Fighting
    10 | D        | Reached XP level 2. HP: 36/36 MP: 2/2
    10 | D        | Reached XP level 3. HP: 44/44 MP: 3/3
   102 | D        | Noticed an ogre
   110 | D        | Killed an ogre
   111 | D        | Reached skill level 8 in Fighting
   111 | D        | Reached skill level 5 in Dodging
   111 | D        | Reached XP level 4. HP: 48/57 MP: 4/4
   240 | D        | Noticed Sigmund
   250 | D        | Killed Sigmund
   250 | D        | Reached ** piety under Trog
   251 | D        | Reached skill level 10 in Fighting
   251 | D        | Reached skill level 1 in Maces & Flails
   251 | D        | Reached XP level 5. HP: 48/68 MP: 5/5
   251 | D        | Reached XP level 6. HP: 55/78 MP: 6/6
   355 | D        | Found a burning altar of Makhleb.
   355 | D        | Found a shimmering altar of Xom.
   355 | D        | Noticed a slime creature
   356 | D        | Found a viscous altar of Jiyva.
   356 | D        | Found a corrupted altar of Lugonu.
   364 | D        | Killed a slime creature
   365 | D        | Reached skill level 11 in Fighting
   365 | D        | Reached XP level 7. HP: 88/88 MP: 7/7
   553 | D        | Found an ornate altar of the Wu Jian Council.
   553 | D        | Found a shimmering blue altar of Sif Muna.
   555 | D        | Found a radiant altar of Vehumet.
   892 | D        | Found Jeniokho's Armour Emporium.
   892 | D        | Found an ancient bone altar of Kikubaaqudgha.
   892 | D        | Found a hazy altar of Hepliaklqana.
   892 | D        | Found a stormy altar of Qazlal.
   892 | D        | Found a hide-covered altar of Uskayaw.
   892 | D        | Found a blossoming altar of Fedhas.
   892 | D        | Found a bloodstained altar of Trog.
   892 | D        | Found an iron altar of Okawaru.
   892 | D        | Found a basalt altar of Yredelemnul.
   892 | D        | Found a glowing golden altar of the Shining One.
   892 | D        | Found a snail-covered altar of Cheibriados.
   892 | D        | Found a sacrificial altar of Ru.
   892 | D        | Found a glowing silver altar of Zin.
   892 | D        | Found a shadowy altar of Dithmenos.
   892 | D        | Found a white marble altar of Elyvilon.
   892 | D        | Noticed a yak
   893 | D        | Found an opulent altar of Gozag.
   894 | D        | Killed a yak
   894 | D        | Found a sparkling altar of Nemelex Xobeh.
   898 | D        | Bought a +0 kite shield for 63 gold pieces
   951 | D        | Noticed a kobold demonologist
   951 | D        | Noticed a kobold demonologist
   952 | D        | Noticed a ynoxinul
   952 | D        | Reached *** piety under Trog
   953 | D        | Reached skill level 12 in Fighting
   953 | D        | Reached skill level 10 in Axes
   953 | D        | Reached skill level 5 in Maces & Flails
   953 | D        | Noticed a soul eater
   956 | D        | Killed a kobold demonologist
   957 | D        | Reached XP level 8. HP: 58/101 MP: 8/8
   968 | D        | Noticed a red devil
   968 | D        | Killed a kobold demonologist
   968 | D        | Reached **** piety under Trog
   969 | D        | Reached skill level 1 in Stealth
  1289 | D        | Noticed a centaur warrior
  1289 | D        | Noticed a centaur warrior
  1305 | D        | Killed a centaur warrior
  1306 | D        | Reached skill level 13 in Fighting
  1306 | D        | Reached skill level 1 in Evocations
  1306 | D        | Reached XP level 9. HP: 110/110 MP: 9/9
  1309 | D        | Noticed a deep troll
  1321 | D        | Killed a centaur warrior
  1322 | D        | Reached skill level 10 in Maces & Flails
  1323 | D        | Mangled by a deep troll

Illustrated notes

Levels and vault maps discovered:
D:        dungeon_sprint_1 [red_sonja_temple_1, red_sonja_temple_small_1]

Skill      XL: |  1  2  3  4  5  6  7  8  9 |
---------------+----------------------------+-----
Fighting       | 5 8 10 11 12 13 | 13.9
Axes           | 4 6 8 9 10 | 10.7
Dodging        | 3 5 6 7 8 9 |  9.6
Maces & Flails | 1 3 6 9 10 | 10.5
Stealth        | 1 2 |  2.4
Evocations     | 1 |  1.6

Action                   |  1- 3 |  4- 6 |  7- 9 || total
-------------------------+-------+-------+-------++-------
Melee: Hand axe          |    13 |       |       ||    13
       Giant club        |       |    10 |    28 ||    38
Invok: Berserk           |     2 |     2 |     3 ||     7
       Trog's Hand       |       |       |     1 ||     1
Evoke: Wand              |       |       |     4 ||     4
  Use: Potion            |       |       |     3 ||     3
       Scroll            |       |       |     1 ||     1
 Stab: Invisible         |       |       |     1 ||     1
Armor: Animal skin       |       |     1 |     9 ||    10
Dodge: Dodged            |     4 |     5 |    20 ||    29

Table legend: (Time is in decaauts)
 A = Elapsed time spent in this place.
 B = Non-inter-level travel time spent in this place.
 C = Inter-level travel time spent in this place.
 D = Time resting spent in this place.
 E = Time spent auto-exploring this place.
 F = Levels seen in this place.
 G = Mean time per level.
                   A        B        C        D        E       F      G
               +--------+--------+--------+--------+--------+-----+--------+
         Total |   1389 |   1324 |     65 |   1172 |      1 |   1 | 1389.0 |
       Dungeon |   1389 |   1324 |     65 |   1172 |      1 |   1 | 1389.0 |
               +--------+--------+--------+--------+--------+-----+--------+

Top non-repeatable levels by time:
       D: 1389 daAuts
